PAAA
PLYMOUTH ROCKS @ BAKERSFIELD NOBLES
06/26/2033
 
TOP OF THE 1ST
Plymouth Rocks batting - Pitching for Bakersfield Nobles : RHP Natalino Golaio
Pitching: RHP Natalino Golaio
Batting: LHB Jeff Lawson 0-0: Ball
1-0: SINGLE (Groundball, 34S) (infield hit)
Batting: LHB José Castillo 0-0: Swinging Strike
0-1: Foul Ball, location: 2F
0-2: Strikes out swinging
Batting: RHB Scott McMahon 0-0: Ball
1-0: Ball
Jeff Lawson steals 2nd base
2-0: Called Strike
2-1: Ball
3-1: Foul Ball, location: 2F
3-2: Strikes out swinging
Batting: RHB Zelmar Barajas 0-0: Ball
1-0: Ball
2-0: Fly out, F4 (Line Drive, 34)
Top of the 1st over - 0 runs, 1 hit, 0 errors, 1 left on base; Plymouth 0 - Bakersfield 0
BOTTOM OF THE 1ST
Bakersfield Nobles batting - Pitching for Plymouth Rocks : RHP Rizaldo Manansala
Pitching: RHP Rizaldo Manansala
Batting: RHB Ed Adams 0-0: Ball
1-0: Swinging Strike
1-1: SINGLE (Groundball, 4D)
Batting: RHB Wade Killefer 0-0: Swinging Strike
0-1: Ball
1-1: Foul Ball, location: 2F
1-2: Ball
2-2: Ball
3-2: Fielders Choice at 2nd, 2-4 (Groundball, 2L)
Batting: SHB Edward Sterrenburg 0-0: Ball
Pickoff Throw to First - Out!
1-0: Foul Ball, location: 2F
1-1: Ground out 6-3 (Groundball, 6M)
Bottom of the 1st over - 0 runs, 1 hit, 0 errors, 0 left on base; Plymouth 0 - Bakersfield 0
TOP OF THE 2ND
Plymouth Rocks batting - Pitching for Bakersfield Nobles : RHP Natalino Golaio
Batting: SHB Javier Vega 0-0: Ball
1-0: Ball
2-0: SINGLE (Groundball, 34) (infield hit)
Batting: RHB José Santos 0-0: Ball
1-0: Ball
2-0: SINGLE (Groundball, 34S) (infield hit)
Javier Vega to second
Batting: LHB Octávio Ontiveros 0-0: Called Strike
0-1: Foul Ball, location: 2F
0-2: Foul Ball, location: 2F
0-2: Strikes out swinging
Batting: LHB Edgardo De Jesús 0-0: Foul Ball, location: 2F
0-1: Swinging Strike
0-2: Strikes out looking
Batting: LHB Dae-ik Park 0-0: Ball
1-0: Fly out, F9 (Flyball, 89S)
Top of the 2nd over - 0 runs, 2 hits, 0 errors, 2 left on base; Plymouth 0 - Bakersfield 0
BOTTOM OF THE 2ND
Bakersfield Nobles batting - Pitching for Plymouth Rocks : RHP Rizaldo Manansala
Batting: LHB Jesús Reyes 0-0: Ball
1-0: Ball
2-0: SINGLE (Groundball, 34D)
Batting: LHB Alberto Enríquez 0-0: Ball
1-0: Called Strike
1-1: Swinging Strike
1-2: Ball
2-2: Ball
3-2: Base on Balls
Jesús Reyes to second
Batting: RHB Fortunato Rasquinha 0-0: Foul Ball, location: 2F
0-1: Swinging Strike
0-2: Strikes out swinging
Batting: LHB Juan Alvarado 0-0: Ball
1-0: Foul Ball, location: 2F
1-1: Ball
2-1: Ground out 5-3 (Groundball, 56S)
Jesús Reyes to third
Alberto Enríquez to second
Batting: LHB Melvin Castro 0-0: SINGLE (Groundball, 34D)
Jesús Reyes scores
Alberto Enríquez to third
Runner from 3rd tries for Home, SAFE, throw made home
Batting: RHB Yu-shu Kang 0-0: 2-RUN HOME RUN (Flyball, 89XD) (Inside the Park)
Batting: RHB Ed Adams 0-0: Ball
1-0: Swinging Strike
1-1: Ground out 6-3 (Groundball, 6)
Bottom of the 2nd over - 4 runs, 3 hits, 0 errors, 0 left on base; Plymouth 0 - Bakersfield 4
TOP OF THE 3RD
Plymouth Rocks batting - Pitching for Bakersfield Nobles : RHP Natalino Golaio
Batting: LHB Jeff Lawson 0-0: Ball
1-0: Foul Ball, location: 2F
1-1: Ball
2-1: Ground out 1-3 (Groundball, 13)
Batting: LHB José Castillo 0-0: Called Strike
0-1: Swinging Strike
0-2: Foul Ball, location: 2F
0-2: Ball
1-2: Foul Ball, location: 2F
1-2: Ground out 4-3 (Groundball, 4)
Batting: RHB Scott McMahon 0-0: Ground out 3-1 (Groundball, 34S)
Top of the 3rd over - 0 runs, 0 hits, 0 errors, 0 left on base; Plymouth 0 - Bakersfield 4
BOTTOM OF THE 3RD
Bakersfield Nobles batting - Pitching for Plymouth Rocks : RHP Rizaldo Manansala
Batting: RHB Wade Killefer 0-0: Foul Ball, location: 2F
0-1: Swinging Strike
0-2: Foul Ball, location: 2F
0-2: Ball
1-2: Strikes out looking
Batting: SHB Edward Sterrenburg 0-0: Called Strike
0-1: Foul Ball, location: 2F
0-2: Ball
1-2: SINGLE (Line Drive, 8LS)
Batting: LHB Jesús Reyes 0-0: Called Strike
0-1: Ball
1-1: Ball
2-1: Foul Ball, location: 2F
2-2: 2-RUN HOME RUN (Flyball, 89XD), Distance : 404 ft
Batting: LHB Alberto Enríquez 0-0: Ball
1-0: SINGLE (Line Drive, 7LS)
Batting: RHB Fortunato Rasquinha 0-0: Ball
1-0: Ball
2-0: Ball
3-0: Called Strike
3-1: Foul Ball, location: 2F
3-2: Foul Ball, location: 2F
3-2: Fly out, F9 (Flyball, 9S)
Batting: LHB Juan Alvarado 0-0: Called Strike
0-1: Ball
1-1: Fielders Choice at 2nd, 6-4 (Groundball, 6)
Bottom of the 3rd over - 2 runs, 3 hits, 0 errors, 1 left on base; Plymouth 0 - Bakersfield 6
TOP OF THE 4TH
Plymouth Rocks batting - Pitching for Bakersfield Nobles : RHP Natalino Golaio
Batting: RHB Zelmar Barajas 0-0: Ball
1-0: Ground out 6-3 (Groundball, 6)
Batting: SHB Javier Vega 0-0: Called Strike
0-1: SOLO HOME RUN (Flyball, 9LD), Distance : 351 ft
Batting: RHB José Santos 0-0: Ball
1-0: Called Strike
1-1: Foul Ball, location: 2F
1-2: Ball
2-2: Foul Ball, location: 2F
2-2: DOUBLE (Line Drive, 7D)
Batting: LHB Octávio Ontiveros 0-0: Called Strike
0-1: Ball
1-1: Ball
2-1: Ball
José Santos steals 3rd base
3-1: Foul Ball, location: 2F
3-2: Strikes out swinging
Batting: LHB Edgardo De Jesús 0-0: Ball
1-0: Fly out, F8 (Flyball, 8LS)
Top of the 4th over - 1 run, 2 hits, 0 errors, 1 left on base; Plymouth 1 - Bakersfield 6
BOTTOM OF THE 4TH
Bakersfield Nobles batting - Pitching for Plymouth Rocks : RHP Rizaldo Manansala
Batting: LHB Melvin Castro 0-0: Ball
1-0: Called Strike
1-1: Called Strike
1-2: SINGLE (Groundball, 15) (infield hit)
Batting: RHB Yu-shu Kang 0-0: Called Strike
0-1: Foul Ball, location: 2F
0-2: Ball
1-2: Ball
2-2: Ball
3-2: Foul Ball, location: 2F
3-2: Base on Balls
Melvin Castro to second
Batting: RHB Ed Adams 0-0: Called Strike
0-1: Ball
1-1: Swinging Strike
1-2: Ball
2-2: Fly out, F9 (Flyball, 89M)
Batting: RHB Wade Killefer 0-0: Foul Ball, location: 2F
0-1: Foul Ball, location: 2F
0-2: Strikes out swinging
Batting: SHB Edward Sterrenburg 0-0: Called Strike
0-1: Ball
1-1: Ball
2-1: Called Strike
2-2: Ball
3-2: Reached on error, E1 (Groundball, P)
Melvin Castro to third
Yu-shu Kang to second
Batting: LHB Jesús Reyes 0-0: Ball
1-0: Ball
2-0: Foul Ball, location: 2F
2-1: Ball
3-1: Base on Balls
Melvin Castro scores
Yu-shu Kang to third
Edward Sterrenburg to second
Batting: LHB Alberto Enríquez 0-0: Ball
1-0: Ball
2-0: Called Strike
2-1: Ball
3-1: Base on Balls
Yu-shu Kang scores
Edward Sterrenburg to third
Jesús Reyes to second
Batting: RHB Fortunato Rasquinha 0-0: Called Strike
0-1: Ball
1-1: Foul Ball, location: 2F
1-2: Ball
2-2: Foul Ball, location: 2F
2-2: Ball
3-2: Foul Ball, location: 2F
3-2: Base on Balls
Edward Sterrenburg scores
Jesús Reyes to third
Alberto Enríquez to second
Batting: LHB Juan Alvarado 0-0: Ball
1-0: Ball
2-0: Called Strike
2-1: Fly out, F5 (Popup, 56)
Bottom of the 4th over - 3 runs, 1 hit, 1 error, 3 left on base; Plymouth 1 - Bakersfield 9
TOP OF THE 5TH
Plymouth Rocks batting - Pitching for Bakersfield Nobles : RHP Natalino Golaio
Batting: LHB Dae-ik Park 0-0: Called Strike
0-1: Ball
1-1: Ball
2-1: Ball
3-1: Called Strike
3-2: DOUBLE (Groundball, 3L)
Batting: LHB Jeff Lawson 0-0: Called Strike
0-1: Foul Ball, location: 2F
0-2: Ball
1-2: Ball
2-2: Ball
3-2: Foul Ball, location: 2F
3-2: Base on Balls
Batting: LHB José Castillo 0-0: Called Strike
0-1: Ball
1-1: Grounds out, U3 (Groundball, 3L)
Dae-ik Park to third
Pitching: RHP Nésto Gago
Batting: RHB Scott McMahon 0-0: Ball
1-0: Ball
2-0: Called Strike
2-1: Fly out, F9 (Flyball, 89S)
Batting: RHB Zelmar Barajas 0-0: Called Strike
0-1: Ball
1-1: Ball
2-1: DOUBLE (Line Drive, 9D)
Dae-ik Park scores
Jeff Lawson scores
Batting: SHB Javier Vega 0-0: Ball
1-0: Ball
2-0: Ball
3-0: Called Strike
3-1: Foul Ball, location: 2F
3-2: Foul Ball, location: 2F
3-2: Strikes out swinging
Top of the 5th over - 2 runs, 2 hits, 0 errors, 1 left on base; Plymouth 3 - Bakersfield 9
BOTTOM OF THE 5TH
Bakersfield Nobles batting - Pitching for Plymouth Rocks : RHP Rizaldo Manansala
Batting: LHB Melvin Castro 0-0: Fly out, F9 (Line Drive, 89D)
Batting: RHB Yu-shu Kang 0-0: Swinging Strike
0-1: Ball
1-1: Swinging Strike
1-2: Ball
2-2: Foul Ball, location: 2F
2-2: Ball
3-2: Foul Ball, location: 2F
3-2: SINGLE (Groundball, 56D)
Pitching: LHP Rio Bavin
Batting: RHB Ed Adams 0-0: Called Strike
0-1: Foul Ball, location: 2F
0-2: Ball
1-2: Foul Ball, location: 2F
1-2: Foul Ball, location: 2F
1-2: Ball
2-2: Foul Ball, location: 2F
2-2: Foul Ball, location: 2F
2-2: Ball
3-2: Strikes out swinging
Batting: RHB Wade Killefer 0-0: Called Strike
0-1: Ball
1-1: Swinging Strike
1-2: Fly out, F8 (Flyball, 78M)
Bottom of the 5th over - 0 runs, 1 hit, 0 errors, 1 left on base; Plymouth 3 - Bakersfield 9
TOP OF THE 6TH
Plymouth Rocks batting - Pitching for Bakersfield Nobles : RHP Nésto Gago
Batting: RHB José Santos 0-0: Ball
1-0: Foul Ball, location: 2F
1-1: Fly out, F7 (Flyball, 7)
Batting: LHB Octávio Ontiveros 0-0: Swinging Strike
0-1: Ball
1-1: Swinging Strike
1-2: Fly out, F5 (Popup, 5)
Batting: LHB Edgardo De Jesús 0-0: Ball
1-0: Fly out, F6 (Popup, 6)
Top of the 6th over - 0 runs, 0 hits, 0 errors, 0 left on base; Plymouth 3 - Bakersfield 9
BOTTOM OF THE 6TH
Bakersfield Nobles batting - Pitching for Plymouth Rocks : LHP Rio Bavin
Batting: SHB Edward Sterrenburg 0-0: Ball
1-0: SOLO HOME RUN (Flyball, 7LD), Distance : 354 ft
Batting: LHB Jesús Reyes 0-0: Foul Ball, location: 2F
0-1: Fly out, F8 (Flyball, 8RD)
Batting: LHB Alberto Enríquez 0-0: Foul Ball, location: 2F
0-1: Ball
1-1: Called Strike
1-2: Ball
2-2: Strikes out swinging
Batting: RHB Fortunato Rasquinha 0-0: Foul Ball, location: 2F
0-1: Ball
1-1: Fly out, F9 (Flyball, 89XD)
Bottom of the 6th over - 1 run, 1 hit, 0 errors, 0 left on base; Plymouth 3 - Bakersfield 10
TOP OF THE 7TH
Plymouth Rocks batting - Pitching for Bakersfield Nobles : RHP Nésto Gago
Batting: LHB Dae-ik Park 0-0: Swinging Strike
0-1: SINGLE (Line Drive, 9LS)
Batting: LHB Jeff Lawson 0-0: Fielders Choice at 2nd, 4-6 (Groundball, 4)
Batting: LHB José Castillo 0-0: 2-RUN HOME RUN (Flyball, 9D), Distance : 374 ft
Batting: RHB Scott McMahon 0-0: Ball
1-0: SINGLE (Groundball, 56D)
Batting: RHB Zelmar Barajas 0-0: Ball
1-0: Foul Ball, location: 2F
1-1: SINGLE (Groundball, 34D)
Scott McMahon to second
Runner from 2nd tries for 3rd, SAFE, no throw
Batting: SHB Javier Vega 0-0: Called Strike
Zelmar Barajas steals 2nd base
0-1: Ball
1-1: Foul Ball, location: 2F
1-2: Ball
2-2: Fly out, F7 (Flyball, 78XD)
Runner from 3rd tags up, SCORES, no throw
Zelmar Barajas to third
Pitching: RHP Jorge Aguirre
Batting: RHB José Santos 0-0: Fly out, F7 (Flyball, 7LMF)
Top of the 7th over - 3 runs, 4 hits, 0 errors, 1 left on base; Plymouth 6 - Bakersfield 10
BOTTOM OF THE 7TH
Bakersfield Nobles batting - Pitching for Plymouth Rocks : LHP Rio Bavin
Batting: LHB Juan Alvarado 0-0: Called Strike
0-1: Called Strike
0-2: Ball
1-2: Ball
2-2: Strikes out looking
Batting: LHB Melvin Castro 0-0: Foul Ball, location: 2F
0-1: Ball
1-1: Ball
2-1: Foul Ball, location: 2F
2-2: Fly out, F8 (Flyball, 89D)
Batting: RHB Yu-shu Kang 0-0: Called Strike
0-1: Ball
1-1: Ball
2-1: Ground out 5-3 (Groundball, 5)
Bottom of the 7th over - 0 runs, 0 hits, 0 errors, 0 left on base; Plymouth 6 - Bakersfield 10
TOP OF THE 8TH
Plymouth Rocks batting - Pitching for Bakersfield Nobles : RHP Jorge Aguirre
Batting: LHB Octávio Ontiveros 0-0: Ball
1-0: Ground out 4-3 (Groundball, 4)
Batting: LHB Edgardo De Jesús 0-0: Ball
1-0: Called Strike
1-1: Foul Ball, location: 2F
1-2: SINGLE (Groundball, 34S) (infield hit)
Batting: LHB Dae-ik Park 0-0: Called Strike
0-1: Foul Ball, location: 2F
0-2: Ball
1-2: Ball
2-2: TRIPLE (Line Drive, 78XD)
Edgardo De Jesús scores
Batting: LHB Jeff Lawson 0-0: Ball
1-0: DOUBLE (Line Drive, 9LM)
Dae-ik Park scores
Pitching: RHP Rick Converse
Batting: LHB José Castillo 0-0: Ball
1-0: Ball
2-0: Called Strike
2-1: Swinging Strike
2-2: Foul Ball, location: 2F
2-2: Foul Ball, location: 2F
2-2: Strikes out swinging
Batting: RHB Scott McMahon 0-0: Ball
1-0: Ball
2-0: Called Strike
2-1: Foul Ball, location: 2F
2-2: Ball
3-2: Strikes out swinging
Top of the 8th over - 2 runs, 3 hits, 0 errors, 1 left on base; Plymouth 8 - Bakersfield 10
BOTTOM OF THE 8TH
Bakersfield Nobles batting - Pitching for Plymouth Rocks : LHP Rio Bavin
Batting: RHB Ed Adams 0-0: Foul Ball, location: 2F
0-1: Ball
1-1: Ball
2-1: Ball
3-1: SINGLE (Line Drive, 4D)
Batting: RHB Wade Killefer 0-0: Ball
1-0: SINGLE (Groundball, 4MD)
Ed Adams to second
Runner from 2nd tries for 3rd, SAFE, no throw
Batting: SHB Edward Sterrenburg 0-0: Ball
1-0: Called Strike
1-1: Swinging Strike
1-2: Strikes out swinging
Pinch Hitting: RHB Lúcio López 0-0: Called Strike
0-1: Foul Ball, location: 2F
0-2: Foul Ball, location: 2F
0-2: Ball
1-2: Ground out 5-3 (Groundball, 56)
Wade Killefer to second
Pitching: RHP Javier Luna
Batting: LHB Alberto Enríquez 0-0: Ball
1-0: Ball
2-0: Ball
3-0: Base on Balls
Batting: RHB Fortunato Rasquinha 0-0: Foul Ball, location: 2F
0-1: Ball
1-1: Foul Ball, location: 2F
1-2: Strikes out swinging
Bottom of the 8th over - 0 runs, 2 hits, 0 errors, 3 left on base; Plymouth 8 - Bakersfield 10
TOP OF THE 9TH
Plymouth Rocks batting - Pitching for Bakersfield Nobles : RHP Rick Converse
Now at 1B: Lúcio López
Batting: RHB Zelmar Barajas 0-0: Swinging Strike
0-1: Swinging Strike
0-2: Ball
1-2: Ball
2-2: Strikes out swinging
Batting: SHB Javier Vega 0-0: Called Strike
0-1: Ground out 4-3 (Groundball, 4S)
Batting: RHB José Santos 0-0: Called Strike
0-1: Ball
1-1: Foul Ball, location: 2F
1-2: Ball
2-2: Strikes out swinging
Top of the 9th over - 0 runs, 0 hits, 0 errors, 0 left on base; Plymouth 8 - Bakersfield 10
Saturday, December 22nd, 2018 - OOTP Baseball 18.8 Build 76